 Dungeon Crawl Stone Soup version 0.30-a0-862-g1aabd4f9c5 (webtiles) character file.

Game seed: 8617354069467316490

693 bande the Covered (level 7, -1/44 HPs)
             Began as a Gargoyle Fighter on Mar 9, 2023.
             Was a Follower of Okawaru.
             Slain by Duvessa
             ... wielding a +0 rapier
              (3 damage)
             ... on level 5 of the Dungeon.
             The game lasted 00:09:29 (4441 turns).

bande the Covered (Gargoyle Fighter)                Turns: 4441, Time: 00:09:30

Health: -1/44      AC: 19    Str: 20    XL:     7   Next: 64%
Magic:  8/8        EV:  5    Int:  8    God:    Okawaru [*.....]
Gold:   312        SH:  5    Dex: 11    Spells: 6/6 levels left

rFire   . . .      SeeInvis .    a - +0 war axe (flame)
rCold   . . .      Faith    .    c - +1 buckler
rNeg    + . .      Spirit   .    m - +1 plate armour "Reggolohi" {Will+}
rPois   ∞          Reflect  .    (no helmet)
rElec   +          Rampage  .    (no cloak)
rCorr   .          Rnd*Tele +    l - +0 pair of gloves
Will    +....                    (no boots) Stlth
                                 (no amulet)
HPRegen 0.27/turn                (no ring)
MPRegen 0.11/turn                (no ring)

@: no status effects
A: sickness immunity, AC +4, negative energy resistance 1, electricity
resistance, torment resistance 1, petrification resistance, teleportitis 1
a: Renounce Religion, Heroism


You were on level 5 of the Dungeon.
You worshipped Okawaru.
Okawaru was aware of your devotion.
You visited 2 branches of the dungeon, and saw 6 of its levels.

You collected 312 gold pieces.

Inventory:

Hand Weapons
 a - a +0 war axe of flaming (weapon)
 i - a +0 war axe of venom
Armour
 c - a +1 buckler (worn)
 l - a +0 pair of gloves (worn)
 m - the +1 plate armour "Reggolohi" (worn) {Will+}
   (You found it on level 2 of the Dungeon)

   Will:      It increases your willpower.
Wands
 p - a wand of quicksilver (9)
Scrolls
 b - a scroll of identify
 g - a scroll of brand weapon
Potions
 d - a potion of might
 e - 3 potions of curing
 f - a potion of magic
 h - 2 potions of haste
 j - a potion of cancellation
 k - a potion of resistance {unknown}
 n - 2 potions of ambrosia
 o - a potion of attraction {unknown}
 q - a potion of flight {unknown}


   Skills:
 + Level 4.4 Fighting
 + Level 5.1 Axes
 + Level 5.2 Armour
 + Level 3.9 Shields
 * Level 2.1 Invocations
 * Level 2.1 Evocations


You had 6 spell levels left.
You didn't know any spells.
Your spell library was empty.

Dungeon Overview and Level Annotations

Branches:
Dungeon (5/15)             Temple (1/1) D:4

Altars:
Cheibriados
Fedhas
Gozag
Kikubaaqudgha
Makhleb
Nemelex Xobeh
Okawaru
Sif Muna
Trog
Uskayaw
Vehumet
Xom
Zin

Shops:
D:4 :

Portals:
Sewer: D:5

Annotations:
D:5 Dowan, Duvessa


Innate Abilities, Weirdness & Mutations

You are immune to sickness and miasma.
Your stone body is resilient. (AC +4)
You are immune to poison.
You resist negative energy. (rN+)
You are resistant to electric shocks. (rElec)
You are resistant to unholy torment.
You are immune to petrification.
You are occasionally teleported next to monsters.


Message History

Duvessa hits you but does no damage. Dowan hits you but does no damage.
You closely miss Dowan. You barely miss Duvessa.
Dowan casts a spell at Duvessa.
Duvessa seems to speed up.
Duvessa hits you with a +0 rapier.
Dowan casts a spell.
Dowan blinks!
Duvessa hits you with a +0 rapier.
Unknown command.
You block Duvessa's attack.
Dowan zaps a wand.
The puff of flame hits you but does no damage.
Unknown command.
Duvessa hits you but does no damage.
Dowan zaps a wand.
The puff of flame hits you. Duvessa hits you but does no damage.
Unknown command.
Duvessa attacks as you move away! Duvessa hits you but does no damage.
Duvessa says, "When magic and the sword combine, nothing stands against them."
You barely miss Duvessa.
Duvessa is lightly wounded.
You slash Dowan! You burn Dowan. Duvessa hits you but does no damage.
Duvessa hits you with a +0 rapier.
* * * LOW HITPOINT WARNING * * *
Dowan barely misses you.
Unknown command.
You hit Duvessa but do no damage.
Duvessa is lightly wounded.
You closely miss Dowan. Duvessa hits you but does no damage.
You block Dowan's attack. Duvessa barely misses you.
Unknown command.
You hit Duvessa. You burn Duvessa.
Duvessa is lightly wounded.
You miss Dowan. Duvessa hits you with a +0 rapier.
* * * LOW HITPOINT WARNING * * *
Dowan gestures wildly while chanting.
Dowan blinks!
Duvessa hits you but does no damage.
You hit Duvessa but do no damage.
Duvessa is lightly wounded.
Duvessa hits you with a +0 rapier.
* * * LOW HITPOINT WARNING * * *
You block Duvessa's attack. Dowan hits you but does no damage.
Duvessa hits you with a +0 rapier.
You die...

. .... . ..... . ......
. ...... ###+#+###### .
...... #........... .
......### #........... .
........# #.........[. .
......e.# #........... .
.......@# #........... .
.......e# #........... #
........#####...........
##..###.................
##. #.#########+.##### #
#.# #+# ... #### ...#
#..## ##### ##..##


You could see Duvessa (fast) and Dowan.

Vanquished Creatures
  Grinder (D:4)
  A scorpion (D:4)
  2 hounds
  A jelly (D:4)
  An orc priest (D:4)
  3 iguanas
  An orc wizard (D:3)
  4 adders
  7 gnolls
  An ufetubus (D:3)
  A worm (D:3)
  7 dart slugs
  10 orcs
  6 endoplasms
  A giant cockroach (D:4)
  4 goblins
  5 hobgoblins
  10 jackals
  6 kobolds
  3 quokkas
  7 ball pythons
  2 bats
  6 frilled lizards
  5 rats
95 creatures vanquished.

Vanquished Creatures (others)
  5 plants (D:4)
5 creatures vanquished.

Grand Total: 100 creatures vanquished

Notes
Turn   | Place    | Note
-------+----------+-------------------------------------------
     0 | D:1      | bande the Gargoyle Fighter began the quest for the Orb.
     0 | D:1      | Reached XP level 1. HP: 14/14 MP: 1/1
   191 | D:1      | Reached XP level 2. HP: 19/19 MP: 2/2
   654 | D:1      | Reached XP level 3. HP: 18/23 MP: 3/3
  1135 | D:2      | Identified the +1 plate armour "Reggolohi" {Will+}
  1815 | D:3      | Found a shimmering altar of Xom.
  1838 | D:3      | Reached XP level 4. HP: 21/29 MP: 4/4
  1850 | D:3      | Reached XP level 5. HP: 16/33 MP: 5/5
  2365 | D:3      | Found a radiant altar of Vehumet.
  2755 | D:4      | Found Oquesarr's Book Boutique.
  2813 | D:4      | Found a staircase to the Ecumenical Temple.
  2825 | Temple   | Entered the Ecumenical Temple
  2863 | Temple   | Became a worshipper of Warmaster Okawaru
  2950 | D:4      | Noticed Grinder
  2960 | D:4      | Paralysed by Grinder for 3 turns
  2986 | D:3      | HP: 1/33 [ufetubus (2)]
  2989 | D:3      | Reached XP level 6. HP: 2/38 MP: 6/6
  3359 | D:4      | Killed Grinder
  3360 | D:4      | Reached skill level 1 in Invocations
  3360 | D:4      | Reached skill level 1 in Evocations
  3481 | D:4      | Reached * piety under Okawaru
  3482 | D:4      | Reached XP level 7. HP: 42/43 MP: 8/8
  3515 | D:4      | Reached skill level 5 in Armour
  3734 | D:4      | Reached skill level 5 in Axes
  4080 | D:5      | Entered Level 5 of the Dungeon
  4119 | D:5      | Gained mutation: You occasionally lose the ability to drink
                  | potions when taking damage. [potion of mutation]
  4119 | D:5      | Gained mutation: You have sharp fingernails. [potion of
                  | mutation]
  4120 | D:5      | Lost mutation: You occasionally lose the ability to drink
                  | potions when taking damage. [potion of mutation]
  4120 | D:5      | Lost mutation: You have sharp fingernails. [potion of
                  | mutation]
  4120 | D:5      | Gained mutation: You are occasionally teleported next to
                  | monsters. [potion of mutation]
  4388 | D:5      | Found a glowing drain.
  4426 | D:5      | Noticed Dowan
  4427 | D:5      | Noticed Duvessa
  4440 | D:5      | HP: 2/44 [Duvessa/+0 rapier (6)]
  4441 | D:5      | Slain by Duvessa

Illustrated notes

Levels and vault maps discovered:
D:1:      dpeg_arrival_connections, layout_loops_corners, minmay_tetromino_s2
D:2:      layout_basic, patterned_corridor
D:3:      layout_basic, mainiacjoe_overflow_alcove_2, xom_teletrap_fun
D:4:      layout_loops_ring, minmay_temple_entry_tees, serial_shops,
          nicolae_shop_statue_plus, reono_crystal_passage, serial_bayou_pond_b,
          uniq_grinder
D:5:      layout_basic, mainiacjoe_overflow_divided_tiny, portal_sewer_entry_d,
          lemuel_flamethrower_2, uniq_duvessa
Temple:   nicolae_temple_great_sept

Skill      XL: |  1  2  3  4  5  6  7 |
---------------+----------------------+-----
Axes           | 2 3 4 5 |  5.1
Fighting       | 4 |  4.4
Armour         | 4 5 |  5.2
Invocations    | 1 2 |  2.1
Evocations     | 1 2 |  2.1
Shields        | |  3.9

Action                     |  1- 3 |  4- 6 |  7- 9 || total
---------------------------+-------+-------+-------++-------
  Melee: War axe           |   104 |   122 |    92 ||   318
    Use: Scroll            |     8 |     6 |     4 ||    18
         Potion            |       |     1 |     2 ||     3
 Armour: Scale mail        |    51 |       |       ||    51
         Plate armour      |    22 |   128 |    84 ||   234
  Dodge: Dodged            |    42 |    32 |    25 ||    99
  Block: Buckler           |    14 |    24 |    25 ||    63

Table legend: (Time is in decaauts)
 A = Elapsed time spent in this place.
 B = Non-inter-level travel time spent in this place.
 C = Inter-level travel time spent in this place.
 D = Time resting spent in this place.
 E = Time spent auto-exploring this place.
 F = Levels seen in this place.
 G = Mean time per level.
                   A        B        C        D        E       F      G
               +--------+--------+--------+--------+--------+-----+--------+
         Total |   4567 |   4410 |    157 |    502 |   2975 |   6 |  761.2 |
       Dungeon |   4513 |   4356 |    157 |    502 |   2960 |   5 |  902.6 |
        Temple |     53 |     53 |      0 |      0 |     15 |   1 |   53.0 |
               +--------+--------+--------+--------+--------+-----+--------+

Top non-repeatable levels by time:
     D:3: 1402 daAuts
     D:1: 991 daAuts
     D:4: 945 daAuts
     D:2: 799 daAuts
     D:5: 374 daAuts
  Temple: 53 daAuts
